 Dungeon Sprint DCSS version 0.23-a0-180-ga5275e7 (webtiles) character file.

15950 Fang the Severer (level 12, -6/132 HPs)
             Began as a Gargoyle Berserker on Sept 18, 2018.
             Was the Champion of Trog.
             Mangled by an orc knight
             ... wielding a +0 great mace
              (16 damage)
             ... in the Dungeon (Sprint V: "Ziggurat Sprint").
             The game lasted 00:11:41 (872 turns).

Fang the Severer (Gargoyle Berserker)                Turns: 872, Time: 00:11:41

Health: -6/132     AC: 28    Str: 34    XL:     12   Next: 32%
Magic:  7/7        EV: 17    Int: 14    God:    Trog [******]
Gold:   0          SH:  0    Dex: 22    Spells: 11/11 levels left

rFire    + + .     SeeInvis +   F - +3 battleaxe (antimagic)
rCold    + . .     Gourm    +   (shield currently unavailable)
rNeg     + + .     Faith    .   B - +5 pearl dragon scales of the Orb {*Corrode rC++ rN+ Dex+2 SInv}
rPois    ∞         Spirit   .   (no helmet)
rElec    +         Reflect  .   (no cloak)
rCorr    .         Harm     .   (no gloves)
MR       .....     NoTele   +   (no boots)
Stlth    ..........             G - amulet of Rept {Gourm Dex+3}
HPRegen  0.32/turn              M - ring "Puzeunof" {rF+ Str+4 Dex+6}
MPRegen  0.10/turn              A - ring "Iqisut" {Fire MP+9 Int+5 Dex+2}

@: berserking (expiring), studying Slings, very quick
A: negative energy resistance 1, electricity resistance, unbreathing,
petrification resistance, rot immunity, AC +8
a: Berserk, Trog's Hand, Brothers in Arms, Renounce Religion


You were in the Dungeon.
You worshipped Trog.
Trog was exalted by your worship.
You were not hungry.

You visited 1 branch

Inventory:

Hand Weapons
 v - a +5 executioner's axe of flaming
 C - a +4 battleaxe of freezing
 F - a +3 antimagic battleaxe (weapon)
 H - the +8 Wrath of Trog {antimagic, *Rage}
   (You found it in the Dungeon)

   It reduces the magical energy of the wielder, and disrupts the spells and
   magical abilities of those hit.
   Natural abilities and divine invocations are not affected.
   It may make you go berserk in combat.
 L - the +2 war axe "Okyus" {venom, rC+++ Int-5 Dex+4}
   (Trog gifted it to you in the Dungeon)

   It poisons the flesh of those it strikes.
   It affects your intelligence (-5).
   It affects your dexterity (+4).
   It renders you almost immune to cold.
 P - a +2 antimagic battleaxe
Missiles
 b - 4 javelins of returning (quivered)
Armour
 j - +5 shadow dragon scales
 B - the +5 pearl dragon scales of the Orb (worn) {*Corrode rC++ rN+ Dex+2 SInv}
   (You took it off a crimson imp in the Dungeon)

   It affects your dexterity (+2).
   It greatly protects you from cold.
   It protects you from negative energy.
   It lets you see invisible.
   It may corrode you when you take damage.
Jewellery
 A - the ring "Iqisut" (right hand) {Fire MP+9 Int+5 Dex+2}
   (You took it off a crimson imp in the Dungeon)

   [ring of fire]

   It enhances your fire magic.
   It affects your intelligence (+5).
   It affects your dexterity (+2).
   It protects you from fire.
   It makes you vulnerable to cold.
   It affects your magic capacity (+9).
 G - the amulet of Rept (around neck) {Gourm Dex+3}
   (You found it in the Dungeon)

   [amulet of the gourmand]

   It allows you to eat raw meat even when not hungry.
   It affects your dexterity (+3).
 K - a +5 ring of protection
 M - the ring "Puzeunof" (left hand) {rF+ Str+4 Dex+6}
   (You found it in the Dungeon)

   [ring of protection from fire]

   It affects your strength (+4).
   It affects your dexterity (+6).
   It protects you from fire.
 N - the amulet of the Archfiend {Inacc rPois rN+ SInv}
   (You found it in the Dungeon)

   [amulet of inaccuracy]

   It reduces the accuracy of all your attacks.
   It protects you from poison.
   It protects you from negative energy.
   It lets you see invisible.
Wands
 w - a wand of disintegration (7)
 x - a wand of iceblast (7)
 y - a wand of acid (7)
Scrolls
 i - 4 scrolls of blinking
 k - 7 scrolls of fog
 l - a scroll of holy word
 m - 5 scrolls of identify
 n - 5 scrolls of remove curse
 o - 2 scrolls of fear
 I - 3 scrolls of brand weapon
Potions
 d - 10 potions of curing
 e - 14 potions of heal wounds
 f - 10 potions of haste
 g - 7 potions of magic
 h - 3 potions of berserk rage
 p - 2 potions of brilliance
 q - 2 potions of invisibility
 r - 4 potions of resistance
 s - a potion of experience
 t - 5 potions of agility
 u - 5 potions of might
Books
 z - a manual of Slings
Miscellaneous
 a - a phial of floods
 D - a phial of floods
 E - a lamp of fire
 J - 3 sacks of spiders
 O - a lamp of fire
Comestibles
 c - 7 rations


   Skills:
 + Level 15.6 Fighting
 + Level 20.3 Axes
 + Level 11.1 Armour
 + Level 7.4 Dodging
 + Level 4.3 Stealth


You had 11 spell levels left.
You didn't know any spells.
Your spell library was empty.

Dungeon Overview and Level Annotations

Branches:
Dungeon (1/1)

Altars:
Ashenzari
Cheibriados
Dithmenos
Elyvilon
Fedhas
Gozag
Hepliaklqana
Kikubaaqudgha
Makhleb
Nemelex Xobeh
Okawaru
Qazlal
Ru
Sif Muna
Trog
Uskayaw
Vehumet
Wu Jian
Xom
Yredelemnul
Zin
The Shining One
Beogh
Jiyva
Lugonu

Annotations:
D 1 transporter


Innate Abilities, Weirdness & Mutations

You are resistant to torment.
Your stone body is resilient. (AC +8)
You are immune to poison.
You resist negative energy. (rN+)
You are resistant to electric shocks. (rElec)
You can survive without breathing.
You are immune to petrification.
You are immune to rotting.


Message History

You slice the orc warrior!!
You kill the orc warrior!
Trog accepts your kill.
You hit the orc warlord but do no damage.
You closely miss the orc warrior. You barely miss the orc warrior.
The orc warrior completely misses you.
The orc priest hits you but does no damage.
You closely miss the orc wizard. You hit the orc knight.
You slash the orc warlord! You barely miss the orc warrior.
You slash the orc warrior! The orc knight closely misses you.
The orc wizard closely misses you.
The orc warrior hits you but does no damage.
You barely miss the orc knight.
The orc knight is severely wounded.
You barely miss the orc wizard. You slash the orc warrior! x2
You kill the orc warrior!
Trog accepts your kill.
You slice the orc warlord!!
The orc knight hits you with a great mace!
You die...

▓...÷.....▓
▓▓▓▓▓▓▓▓▓▓▓▓▓...÷.....▓
▓....8©8....▓....©....▓
▓..)}:})):..▓▓▓▓▓▓▓▓▓▓▓
▓...:)))}...▓...8©8...▓
▓...........▓..).."=..▓
▓....oo.....▓...[)}...▓
▓...oo)o....▓.........▓
▓....o@o....▓.........▓
▓..▓..)..▓..▓...))(...▓
▓▓...▓▓ ▓...)))...▓
▓..▓.....▓..▓.▓...).▓.▓
▓.....©.....▓....©....▓
▓▓▓▓▓▓▓▓▓▓▓▓▓▓▓▓▓▓▓▓▓▓▓
▓...8©8...▓...8©8...▓..
▓..)):)[..▓..:|.):..▓..
▓..)[.)=..▓..))::}..▓..


You could see an orc warlord, 2 orc knights, an orc warrior, 2 orc priests and
an orc wizard.

Vanquished Creatures
  An orc warlord (D)
  A vault warden (D)
  2 entropy weavers (D)
  A fire dragon (D)
  A vault guard (D)
  2 naga warriors (D)
  4 two-headed ogres (D)
  A sixfirhy (D)
  An ironbrand convoker (D)
  A cyclops (D)
  A vault sentinel (D)
  A black mamba (D)
  2 trolls (D)
  A hornet (D)
  A spriggan (D)
  A ynoxinul (D)
  3 hell hounds (D)
  2 nagas (D)
  2 water moccasins (D)
  A small abomination (D)
  2 orc warriors (D)
  2 black bears (D)
  4 phantoms (D)
  An eye of draining (D)
  2 ogres (D)
  10 wolves (D)
  3 crimson imps (D)
  2 quasits (D)
  An iron imp (D)
  An adder (D)
  3 shadow imps (D)
  A white imp (D)
  3 ufetubi (D)
  2 adder zombies (D)
  A bat skeleton (D)
  A bat zombie (D)
  2 ball pythons (D)
  A jackal skeleton (D)
72 creatures vanquished.

Vanquished Creatures (collateral kills)
  2 vault guards (D)
  A naga mage (D)
  An ancient zyme (D)
  A naga (D)
  2 water moccasins (D)
  An orc warrior (D)
  A ball python (D)
9 creatures vanquished.

Vanquished Creatures (others)
  4 acid blobs (D)
  4 azure jellies (D)
  Snorg (D)
  3 death oozes (D)
  Duvessa (D)
  Dowan (D)
  Ijyb (D)
15 creatures vanquished.

Grand Total: 96 creatures vanquished

Notes
Turn   | Place    | Note
-------+----------+-------------------------------------------
     0 | D        | Found the +6 Majin-Bo {vamp, Archmagi MP+6 Int+6}
     0 | D        | Found the +7 great mace "Firestarter" {inner flame, rF++}
     0 | D        | Fang the Gargoyle Berserker began the quest for the Orb.
     0 | D        | Reached XP level 1. HP: 14/14 MP: 1/1
     5 | D        | Found a blossoming altar of Fedhas.
     5 | D        | Killed Ijyb
     6 | D        | Found a viscous altar of Jiyva.
     6 | D        | Found a hazy altar of Hepliaklqana.
     6 | D        | Found a transporter.
     6 | D        | Found an opulent altar of Gozag.
     6 | D        | Found an ancient bone altar of Kikubaaqudgha.
     6 | D        | Found a corrupted altar of Lugonu.
     9 | D        | Found a burning altar of Makhleb.
    10 | D        | Found a sacrificial altar of Ru.
    10 | D        | Found a stormy altar of Qazlal.
    10 | D        | Found a deep blue altar of Sif Muna.
    10 | D        | Found an iron altar of Okawaru.
    10 | D        | Found a bloodstained altar of Trog.
    10 | D        | Found a sparkling altar of Nemelex Xobeh.
    84 | D        | Entered arena 2.
    84 | D        | Noticed a crimson imp
    84 | D        | Noticed an iron imp
    84 | D        | Found a transporter.
    88 | D        | Killed a crimson imp
    88 | D        | Reached skill level 5 in Fighting
    88 | D        | Reached skill level 4 in Axes
    88 | D        | Reached XP level 2. HP: 21/21 MP: 2/2
    88 | D        | Reached XP level 3. HP: 26/26 MP: 3/3
    89 | D        | Reached ** piety under Trog
    89 | D        | Reached skill level 5 in Axes
    89 | D        | Reached XP level 4. HP: 32/32 MP: 4/4
   101 | D        | Killed Snorg
   137 | D        | Entered arena 3.
   137 | D        | Noticed a phantom
   137 | D        | Found a transporter.
   142 | D        | Killed a phantom
   142 | D        | Reached skill level 6 in Axes
   142 | D        | Reached XP level 5. HP: 38/38 MP: 5/5
   183 | D        | Entered arena 4.
   183 | D        | Noticed a phantom
   183 | D        | Noticed a phantom
   183 | D        | Noticed a phantom
   183 | D        | Found a transporter.
   185 | D        | Reached *** piety under Trog
   191 | D        | Killed a phantom
   191 | D        | Reached skill level 8 in Axes
   191 | D        | Reached XP level 6. HP: 45/45 MP: 6/6
   197 | D        | Killed a phantom
   197 | D        | Reached skill level 9 in Axes
   198 | D        | Killed a phantom
   198 | D        | Reached skill level 5 in Armour
   210 | D        | Entered arena 5.
   210 | D        | Noticed a water moccasin
   210 | D        | Found a transporter.
   213 | D        | Reached **** piety under Trog
   215 | D        | Killed a water moccasin
   215 | D        | Reached skill level 10 in Axes
   215 | D        | Reached XP level 7. HP: 46/52 MP: 7/7
   228 | D        | Killed an azure jelly
   248 | D        | Entered arena 6.
   248 | D        | Found a transporter.
   249 | D        | Reached ***** piety under Trog
   250 | D        | Received a gift from Trog
   250 | D        | Reached skill level 10 in Fighting
   254 | D        | Reached skill level 11 in Axes
   257 | D        | Got the ring "Iqisut" {Fire MP+9 Int+5 Dex+2}
   258 | D        | Got the +5 pearl dragon scales of the Orb {*Corrode rC++
                  | rN+ Dex+2 SInv}
   258 | D        | Killed a death ooze
   287 | D        | Entered arena 7.
   292 | D        | Reached XP level 8. HP: 55/58 MP: 8/8
   292 | D        | Received a gift from Trog
   293 | D        | Found a transporter.
   308 | D        | Entered arena 8.
   309 | D        | Found the +8 Wrath of Trog {antimagic, *Rage}
   309 | D        | Found a transporter.
   312 | D        | Reached skill level 12 in Axes
   318 | D        | Received a gift from Trog
   318 | D        | Reached skill level 13 in Axes
   329 | D        | Got the amulet of Rept {Gourm Dex+3}
   329 | D        | Killed an acid blob
   374 | D        | Killed Dowan
   400 | D        | Entered arena 9.
   400 | D        | Noticed a spriggan rider
   402 | D        | Found a transporter.
   405 | D        | Reached ****** piety under Trog
   406 | D        | Reached XP level 9. HP: 64/64 MP: 6/9
   412 | D        | Killed a death ooze
   415 | D        | Killed a hornet
   415 | D        | Reached skill level 14 in Axes
   422 | D        | Reached skill level 1 in Stealth
   423 | D        | Killed a death ooze
   435 | D        | Killed an acid blob
   480 | D        | Entered arena 10.
   480 | D        | Noticed a two-headed ogre
   480 | D        | Noticed a two-headed ogre
   480 | D        | Noticed a cyclops
   480 | D        | Noticed a two-headed ogre
   480 | D        | Noticed a two-headed ogre
   480 | D        | Noticed a troll
   482 | D        | Found a transporter.
   485 | D        | Killed a two-headed ogre
   485 | D        | Reached skill level 15 in Axes
   485 | D        | Reached skill level 5 in Dodging
   486 | D        | Killed a troll
   486 | D        | Received a gift from Trog
   487 | D        | Killed a two-headed ogre
   487 | D        | Reached XP level 10. HP: 72/72 MP: 6/10
   488 | D        | Killed a two-headed ogre
   488 | D        | Reached skill level 16 in Axes
   489 | D        | Killed a two-headed ogre
   490 | D        | Killed a cyclops
   490 | D        | Reached skill level 17 in Axes
   490 | D        | Received a gift from Trog
   507 | D        | Got an ancient war axe {god gift}
   508 | D        | Identified the +2 war axe "Okyus" {venom, rC+++ Int-5
                  | Dex+4} (Trog gifted it to you in the Dungeon)
   532 | D        | Got the ring "Puzeunof" {rF+ Str+4 Dex+6}
   535 | D        | Got the amulet of the Archfiend {Inacc rPois rN+ SInv}
   545 | D        | Entered arena 11.
   545 | D        | Noticed a vault guard
   545 | D        | Noticed an entropy weaver
   545 | D        | Noticed an ironbrand convoker
   545 | D        | Noticed a vault warden
   545 | D        | Noticed a vault sentinel
   545 | D        | Noticed a fire dragon
   545 | D        | Noticed a vault guard
   545 | D        | Noticed a vault guard
   545 | D        | Noticed an entropy weaver
   545 | D        | Killed Duvessa
   548 | D        | Found a transporter.
   550 | D        | Killed an acid blob
   552 | D        | Killed a fire dragon
   553 | D        | Killed an entropy weaver
   553 | D        | Reached XP level 11. HP: 78/78 MP: 11/11
   556 | D        | Killed a vault guard
   557 | D        | Killed an entropy weaver
   557 | D        | Received a gift from Trog
   557 | D        | Reached skill level 18 in Axes
   561 | D        | Killed a vault warden
   566 | D        | Killed an ironbrand convoker
   568 | D        | Killed a vault guard
   568 | D        | Reached skill level 19 in Axes
   569 | D        | Killed a vault guard
   569 | D        | Received a gift from Trog
   569 | D        | Reached skill level 10 in Armour
   653 | D        | Entered arena 12.
   653 | D        | Noticed a sixfirhy
   661 | D        | Killed a sixfirhy
   664 | D        | Found a transporter.
   666 | D        | Received a gift from Trog
   682 | D        | Killed an azure jelly
   719 | D        | Entered arena 13.
   719 | D        | Noticed a naga warrior
   721 | D        | Noticed a naga warrior
   722 | D        | Killed an acid blob
   723 | D        | Found a transporter.
   731 | D        | Received a gift from Trog
   736 | D        | Killed a naga warrior
   736 | D        | Reached skill level 15 in Fighting
   736 | D        | Reached XP level 12. HP: 87/87 MP: 7/12
   740 | D        | Killed a naga warrior
   740 | D        | Reached skill level 20 in Axes
   746 | D        | Killed an azure jelly
   747 | D        | Killed an azure jelly
   853 | D        | Entered arena 14.
   854 | D        | Noticed an orc warlord
   854 | D        | Noticed an orc warlord
   855 | D        | Found the +5 pair of quick blades "Gyre" and "Gimble"
                  | {pierce, Dex-3}
   858 | D        | Found a transporter.
   863 | D        | Received a gift from Trog
   867 | D        | Killed an orc warlord
   872 | D        | Mangled by an orc knight

Vault maps used:
D:        sprint_v

Skill      XL: |  1  2  3  4  5  6  7  8  9 10 11 12 |
---------------+-------------------------------------+-----
Fighting       | 5 6 7 8 9 10 11 12 13 15 | 15.6
Axes           | 4 5 6 8 10 11 13 15 17 19 20 | 20.3
Armour         | 3 4 5 6 8 9 10 11 | 11.1
Dodging        | 2 3 4 5 6 7 |  7.4
Stealth        | 1 3 4 |  4.3

Action                   |  1- 3 |  4- 6 |  7- 9 | 10-12 || total
-------------------------+-------+-------+-------+-------++-------
Melee: Executioner's axe |     3 |    21 |    21 |       ||    45
       Battleaxe         |       |       |    23 |    32 ||    55
       War axe           |       |       |       |    35 ||    35
Invok: Berserk           |     1 |     1 |     2 |     4 ||     8
       Brothers in Arms  |       |       |       |     4 ||     4
  Use: Scroll            |       |       |     1 |       ||     1
 Stab: Distracted        |       |       |       |     2 ||     2
  Eat: Chunk             |       |       |     9 |    18 ||    27
Armor: Shadow dragon sca |     1 |    32 |     9 |       ||    42
       Pearl dragon scal |       |       |    53 |    31 ||    84
Dodge: Dodged            |     2 |    22 |    53 |    49 ||   126

Table legend:
 A = Non-vault XP
 B = Vault XP
 C = Vault XP percentage of total XP
 D = Non-vault monster count
 E = Vault monster count
 F = Vault count percentage of total count
                 A         B        C        D         E       F
            +---------+---------+-------+---------+---------+-------
      Total |     288 |   22499 |  98.7 |       1 |      80 |  98.8
            +---------+---------+-------+---------+---------+-------
          D |     288 |   22499 |  98.7 |       1 |      80 |  98.8
            +---------+---------+-------+---------+---------+-------
